 Dungeon Crawl Stone Soup version 0.24-a0-41-gf098211c9e (webtiles) character file.

Game seed: 4662721442888522916

1172 LLavrengius the Skirmisher (level 8, -9/54 HPs)
             Began as a Gargoyle Fighter on Feb 3, 2019.
             Killed by divine providence
             ... invoked by an orc priest
              (14 damage)
             ... on level 5 of the Dungeon.
             The game lasted 00:12:12 (4336 turns).

LLavrengius the Skirmisher (Gargoyle Fighter)       Turns: 4336, Time: 00:12:13

Health: -9/54      AC: 15    Str: 22    XL:     8   Next: 41%
Magic:  8/8        EV:  7    Int:  9    God:
Gold:   202        SH:  9    Dex:  9    Spells: 7/7 levels left

rFire    . . .     SeeInvis .   y - +2 mace (crush)
rCold    . . .     Gourm    .   c - +0 shield
rNeg     + . .     Faith    .   b - +0 scale mail
rPois    ∞         Spirit   .   (no helmet)
rElec    +         Reflect  .   v - +2 cloak
rCorr    .         Harm     .   (no gloves)
MR       .....                  (no boots)
Stlth    ..........             m - amulet of the acrobat
HPRegen  0.18/turn              k - ring of flight
MPRegen  0.11/turn              (no ring)

@: no status effects
A: negative energy resistance 1, electricity resistance, unbreathing,
petrification resistance, rot immunity, AC +5
a: Evoke Flight


You were on level 5 of the Dungeon.
You were hungry.

You visited 1 branch of the dungeon, and saw 6 of its levels.

You collected 202 gold pieces.

Inventory:

Hand Weapons
 a - a +0 flail
 r - a +0 hunting sling
 y - a +2 mace of crushing (weapon)
 A - a +1 whip of electrocution
Missiles
 s - 109 stones (quivered)
 u - 38 sling bullets
Armour
 b - a +0 scale mail (worn)
 c - a +0 shield (worn)
 v - a +2 cloak (worn)
Jewellery
 g - an uncursed amulet of faith
 k - a ring of flight (left hand)
 m - an amulet of the acrobat (around neck)
Wands
 z - a wand of flame (11)
 B - a wand of acid (4)
 D - a wand of scattershot (4)
Scrolls
 h - 3 scrolls of identify {unknown}
 l - 2 scrolls of amnesia {unknown}
 n - 7 scrolls of teleportation {unknown}
 o - a scroll of enchant weapon {unknown}
 p - a scroll of magic mapping {unknown}
 q - a scroll of remove curse {unknown}
 t - 2 scrolls of blinking {unknown}
Potions
 d - a potion of might
 e - a potion of ambrosia {unknown}
 i - a potion of agility {unknown}
 j - a potion of flight {unknown}
 w - 4 potions of curing {unknown}
 x - a potion of magic {unknown}
 C - a potion of brilliance {unknown}
 E - 2 potions of mutation {unknown}
 F - a potion of heal wounds {unknown}
Comestibles
 f - 9 rations


   Skills:
 + Level 7.8 Fighting
 + Level 7.5 Maces & Flails
 - Level 3.2 Armour
 - Level 3.2 Shields


You had 7 spell levels left.
You didn't know any spells.
Your spell library contained the following spells:

 Spells                   Type           Power        Failure   Level  Hunger
 Confusing Touch          Hex            #.....       99%         1    ##.....
 Corona                   Hex            #......      99%         1    ##.....
 Ensorcelled Hibernation  Hex/Ice        #.....       100%        2    ###....
 Confuse                  Hex            #.......     100%        3    ####...
 Dazzling Spray           Conj/Hex       #.....       100%        3    ####...
 Gell's Gravitas          Tloc           #.........   100%        3    ####...
 Tukima's Dance           Hex            #.......     100%        3    ####...
 Petrify                  Tmut/Erth      #.......     100%        4    #####..
 Metabolic Englaciation   Hex/Ice        #.........   100%        5    ######.
 Yara's Violent Unravell  Hex/Tmut       #.........   100%        5    ######.


Dungeon Overview and Level Annotations

Branches:
Dungeon (6/15)
 Temple: D:4-7

Altars:
Wu Jian

Annotations:
D:6 1 transporter


Innate Abilities, Weirdness & Mutations

You are resistant to torment.
Your stone body is resilient. (AC +5)
You are immune to poison.
You resist negative energy. (rN+)
You are resistant to electric shocks. (rElec)
You can survive without breathing.
You are immune to petrification.
You are immune to rotting.


Message History

Something hits you but does no damage. You block the ice beast's attack.
Unknown command.
You hit the orc priest but do no damage.
The orc priest is almost dead.
The orc priest casts a cantrip, but nothing happens.
You hear some strange, mumbled words.
Something tries to affect you, but you resist.
The ice beast hits you but does no damage.
Unknown command.
Your shield prevents you from hitting the orc priest.
The orc priest is almost dead.
The orc priest hits you but does no damage.
Something hits you but does no damage. The ice beast closely misses you.
Unknown command.
Your shield and scale mail prevent you from hitting the orc priest.
The orc priest is almost dead.
Something hits you but does no damage.
The orc priest mumbles some strange prayers to Beogh against you.
Beogh smites you!
You die...

#.. #.#..........#
#.# #.#..........#
#.. #.############
#. #..# ##.# #.# #
# #.# ..
....##.###########
..
#.......Y@{......
...#.##.#..)o......
# ....#.?.......
##.#.#.........
#...#.........
###.#.........
#Y#.........
...#########


You could see an ice beast and an orc priest.

Vanquished Creatures
  Pikel (D:4)
  Sigmund (D:3)
  A slave (D:3)
  An ogre (D:4)
  A bullfrog (D:5)
  Crazy Yiuf (D:3)
  2 orc wizards (D:3)
  2 orc priests (D:4)
  A bullfrog skeleton (D:4)
  A worker ant (D:5)
  A hound skeleton (D:5)
  A gnoll (D:1)
  A howler monkey skeleton (D:4)
  8 adders
  A shadow imp (D:6)
  An ooze (D:1)
  A worm (D:2)
  A dart slug (D:1)
  A leopard gecko (D:5)
  11 orcs
  8 giant cockroaches
  7 goblins
  12 hobgoblins
  12 jackals
  9 kobolds
  3 quokkas
  A ball python (D:5)
  9 bats
  4 frilled lizards
  7 rats
111 creatures vanquished.

Vanquished Creatures (others)
  A leopard gecko (D:4)
1 creature vanquished.

Grand Total: 112 creatures vanquished

Notes
Turn   | Place    | Note
-------+----------+-------------------------------------------
     0 | D:1      | LLavrengius the Gargoyle Fighter began the quest for the
                  | Orb.
     0 | D:1      | Reached XP level 1. HP: 14/14 MP: 1/1
   172 | D:1      | Reached XP level 2. HP: 19/19 MP: 2/2
   587 | D:1      | Reached XP level 3. HP: 23/23 MP: 3/3
  1206 | D:2      | Reached XP level 4. HP: 28/28 MP: 4/4
  1837 | D:2      | Reached XP level 5. HP: 33/33 MP: 5/5
  2329 | D:3      | Noticed Sigmund
  2409 | D:4      | Noticed a slave
  2409 | D:4      | Noticed a slave
  2410 | D:4      | Noticed Pikel
  2433 | D:3      | Killed Sigmund
  2433 | D:3      | Reached skill level 5 in Fighting
  2433 | D:3      | Reached skill level 5 in Maces & Flails
  2433 | D:3      | Reached XP level 6. HP: 28/40 MP: 6/6
  2640 | D:3      | Found a runed translucent door.
  2641 | D:3      | Noticed Crazy Yiuf
  2651 | D:3      | Killed Crazy Yiuf
  3288 | D:3      | Killed a slave
  3344 | D:4      | Killed Pikel
  3344 | D:4      | Reached XP level 7. HP: 48/48 MP: 7/7
  3344 | D:4      | Reached XP level 8. HP: 53/53 MP: 8/8
  3994 | D:4      | Found an ornate altar of the Wu Jian Council.
  4146 | D:5      | Entered Level 5 of the Dungeon
  4270 | D:5      | You fall through a shaft!
  4270 | D:6      | Found a transporter.
  4336 | D:5      | Killed from afar by an orc priest

Vault maps used:
D:1:      sevenhm_arrival_forest_fort_large_2, minmay_worlds_worst_comb
D:2:      grunt_ministairs_11
D:3:      uniq_crazy_yiuf_cottage, uniq_sigmund
D:4:      marbit_many_paths, chequers_serial_rivers_room_a, uniq_pikel
D:5:      first_ration
D:6:      kennysheep_six_static_rooms, gammafunk_temple_of_torment,
          nicolae_ru_sacrificial_ziggurat, minmay_temple_entry_hall

Skill      XL: |  1  2  3  4  5  6  7  8 |
---------------+-------------------------+-----
Maces & Flails | 3 4 5 6 7 |  7.5
Fighting       | 4 5 7 |  7.8
Armour         | |  3.2
Shields        | |  3.2

Action                   |  1- 3 |  4- 6 |  7- 9 || total
-------------------------+-------+-------+-------++-------
Melee: Flail             |   124 |   228 |       ||   352
       Mace              |       |    16 |    62 ||    78
  Use: Potion            |       |     1 |       ||     1
  Eat: Chunk             |     1 |     7 |     3 ||    11
Armor: Scale mail        |    75 |   103 |    32 ||   210
Dodge: Dodged            |    34 |    91 |    14 ||   139
Block: Shield            |    56 |   133 |    18 ||   207

Table legend:
 A = Non-vault XP
 B = Vault XP
 C = Vault XP percentage of total XP
 D = Non-vault monster count
 E = Vault monster count
 F = Vault count percentage of total count
                 A         B        C        D         E       F
            +---------+---------+-------+---------+---------+-------
      Total |     750 |     925 |  55.2 |      97 |      13 |  11.8
            +---------+---------+-------+---------+---------+-------
        D:1 |      66 |       8 |  10.8 |      29 |       4 |  12.1
        D:2 |      84 |       9 |   9.7 |      20 |       5 |  20.0
        D:3 |     156 |     254 |  62.0 |      30 |       2 |   6.2
        D:4 |     285 |     654 |  69.6 |      10 |       2 |  16.7
        D:5 |     148 |       0 |   0.0 |       7 |       0 |   0.0
        D:6 |      11 |       0 |   0.0 |       1 |       0 |   0.0
            +---------+---------+-------+---------+---------+-------
